 Dungeon Crawl Stone Soup version 0.19-a0-1735-g048f9dc (webtiles) character file.

2088 Canardh the Covert (level 9, -5/42 HPs)
             Began as a Spriggan Enchanter on Sept 30, 2016.
             Was a Believer of Dithmenos.
             Engulfed by a cloud of flame (12 damage)
             ... on level 9 of the Dungeon.
             The game lasted 01:09:13 (7360 turns).

Canardh the Covert (Spriggan Enchanter)             Turns: 7360, Time: 01:09:13

Health: -5/42      AC:  7    Str:  4    XL:     9   Next: 6%
Magic:  15/20      EV: 20    Int: 17    God:    Dithmenos [**....]
Gold:   236        SH:  0    Dex: 21    Spells: 6 memorised, 7 levels left

rFire  . . .     SeeInvis +     z - +2 dagger (venom)
rCold  . . .     Gourm    .     F - +1 robe {MR+}
rNeg   . . .     Faith    .     (shield restricted)
rPois  .         Spirit   .     r - +1 hat
rElec  .         Dismiss  .     E - +2 cloak {+Inv}
rCorr  .         Reflect  .     (gloves unavailable)
MR     ++...     Harm     .     (boots unavailable)
Stlth  +++++++... Rnd*Rage +    (no amulet)
                                (no ring)
                                t - +2 ring of dexterity

@: wreathed by umbra, very quick
A: unfitting armour, see invisible, berserk 1, herbivore 3, speed 3, slow
metabolism 2
a: Shadow Step, Renounce Religion, Evoke Invisibility


You were on level 9 of the Dungeon.
You worshipped Dithmenos.
Dithmenos was pleased with you.
You were full.

You visited 2 branches of the dungeon, and saw 8 of its levels.
You also visited: Ossuary.

You collected 386 gold pieces.
You spent 150 gold pieces at shops.

Inventory:

Hand Weapons
 a - a +1 dagger
 z - a +2 dagger of venom (weapon)
Armour
 r - a +1 hat (worn)
 E - a +2 cloak of invisibility (worn)
 F - a +1 robe of magic resistance (worn)
Jewellery
 t - a +2 ring of dexterity (left hand)
 K - an uncursed ring of teleportation
Wands
 u - a wand of polymorph (8/24)
 y - a wand of confusion (11/48)
 A - a wand of digging (9/24)
Scrolls
 f - a scroll of random uselessness {unknown}
 g - a scroll of magic mapping {unknown}
 h - a scroll of fear {unknown}
 m - 3 scrolls of amnesia
 n - 3 scrolls of enchant weapon
 p - 2 scrolls of remove curse
 x - 5 scrolls of teleportation
 D - a scroll of immolation {unknown}
 I - 2 scrolls of enchant armour {unknown}
Potions
 e - a potion of magic
 i - a potion of berserk rage {unknown}
 k - a potion of ambrosia
 l - 6 potions of flight
 o - a potion of lignification {unknown}
 s - a potion of agility {unknown}
 v - a potion of might
 w - 4 potions of curing
 B - a potion of degeneration {unknown}
 J - a potion of brilliance {unknown}
Books
 b - a book of Flames

   Spells                             Type                      Level
   a - Flame Tongue                   Conjuration/Fire             1
   b - Throw Flame                    Conjuration/Fire             2
   c - Conjure Flame                  Conjuration/Fire             3
   d - Inner Flame                    Hexes/Fire                   3
   e - Sticky Flame                   Conjuration/Fire             4
   f - Fireball                       Conjuration/Fire             5
   Dithmenos disapproves of the use of such an item.
 c - a book of Maledictions

   Spells                             Type                      Level
   a - Corona                         Hexes                        1
   b - Ensorcelled Hibernation        Hexes/Ice                    2
   c - Confuse                        Hexes                        3
   d - Tukima's Dance                 Hexes                        3
   e - Dazzling Spray                 Conjuration/Hexes            3
Comestibles
 d - 3 bread rations
 j - a slice of pizza
 C - 2 royal jellies
 H - 4 fruits


   Skills:
 + Level 1.6 Fighting
 + Level 4.6 Short Blades
 + Level 4.3 Dodging
 + Level 11.2 Stealth
 + Level 7.1 Spellcasting
 + Level 7.2 Hexes
 + Level 2.2 Ice Magic
 + Level 0.3 Evocations


You had 7 spell levels left.
You knew the following spells:

 Your Spells              Type           Power        Failure   Level  Hunger
a - Corona                Hex            ####...      1%          1    None
b - Ensorcelled Hibernat  Hex/Ice        ###...       2%          2    None
c - Confuse               Hex            ####....     1%          3    ##.....
d - Tukima's Dance        Hex            ####....     1%          3    ##.....
e - Dazzling Spray        Conj/Hex       ###...       10%         3    ##.....
f - Inner Flame           Hex/Fire       ###.....     10%         3    ##.....


Dungeon Overview and Level Annotations

Branches:
Dungeon (6/15)             Temple (1/1) D:5

Altars:
Cheibriados
Dithmenos
Elyvilon
Fedhas
Gozag
Hepliaklqana
Kikubaaqudgha
Makhleb
Nemelex Xobeh
Okawaru
Qazlal
Ru
Sif Muna
Trog
Uskayaw
Vehumet
Xom
Yredelemnul
Zin
The Shining One

Shops:
D:4 *   D:6 [


Innate Abilities, Weirdness & Mutations

You are very small and have problems with some larger weapons.
You are too small for most types of armour.
You have supernaturally acute eyesight. (SInv)
You are a herbivore.
You cover ground extremely quickly.
You need consume almost no food.
You tend to lose your temper in combat.


Message History

The orc shouts!
The orc is filled with an inner flame.
You hit the orc.
The orc is poisoned.
The orc is moderately wounded.
The orc barely misses you.
Casting: Inner Flame
Confirm with . or Enter, or press ? or * to list all spells.
Aiming: Ensorcelled Hibernation
Press: ? - help, Shift-Dir - straight line, f/p - orc
Aim: an orc (moderately wounded, poisoned, umbra, inner flame, chance to defeat MR: 69%)
The orc looks drowsy...
The helpless orc fails to defend itself.
You spit the orc like a pig!!!
The orc explodes!
The fiery explosion engulfs you!
Ouch! That really hurt!
* * * LOW HITPOINT WARNING * * *
Dithmenos accepts your kill.
You are engulfed in roaring flames.
You die...

#.......# #######.#
##### #.......# #>...
#.####### ####....
#.# #_'..... #.# #
####..[..
##.######.#.# ###....
#...........# ..#....
#)..@§§..<# #)#....
#..!§.§...#...#)#....
#%..§#§...#...#[#....
####.#.#%.#...#z#....
..#....#...#......
.#####.##...####...
#. ......##..... o
##...##.#... ##
#...##.#...


There were no monsters in sight!

Vanquished Creatures
  Joseph (D:9)
  An orc warrior (D:9)
  A phantom (D:5)
  A crocodile (D:9)
  An elf zombie (Ossuary)
  Blork the orc (D:5)
  A bullfrog (D:9)
  3 scorpions
  Dowan (D:4)
  2 wights (D:9)
  3 crimson imps
  2 centaur zombies (Ossuary)
  An orc priest (D:9)
  A bullfrog zombie (D:6)
  2 hounds
  A human zombie (Ossuary)
  A jelly (D:6)
  2 iguanas
  Natasha (thrice) (D:4)
  5 worker ants
  A killer bee zombie (D:6)
  A hound skeleton (D:5)
  2 mummies (Ossuary)
  A howler monkey zombie (D:6)
  12 adders
  4 shadow imps
  An adder zombie (Ossuary)
  4 worms
  2 dart slugs
  4 leopard geckos (D:2)
  7 orcs
  2 ball pythons
  11 bats
  4 giant cockroaches
  8 goblins
  8 hobgoblins
  2 quokkas
  9 frilled lizards
  13 hobgoblin zombies (Ossuary)
  2 jackal zombies (Ossuary)
  5 kobolds
  10 kobold zombies (Ossuary)
  A leopard gecko skeleton (D:6)
  5 orc zombies (Ossuary)
  A quokka skeleton (D:6)
  A quokka zombie (D:5)
  7 rats
  A rat zombie (Ossuary)
163 creatures vanquished.

Vanquished Creatures (collateral kills)
  Duvessa (D:4)
  A wight (D:9)
2 creatures vanquished.

Vanquished Creatures (others)
  2 dancing weapons (D:9)
2 creatures vanquished.

Grand Total: 167 creatures vanquished

Notes
Turn   | Place    | Note
-------+----------+-------------------------------------------
     0 | D:1      | Canardh the Spriggan Enchanter began the quest for the Orb.
     0 | D:1      | Reached XP level 1. HP: 9/9 MP: 5/5
     2 | D:1      | Noticed a demonspawn
     4 | D:1      | Noticed an octopode
     4 | D:1      | Noticed a naga
     6 | D:1      | Noticed a ghoul
     6 | D:1      | Noticed a vampire
     8 | D:1      | Noticed an elf
     8 | D:1      | Noticed a dwarf
    10 | D:1      | Noticed a vine stalker
    10 | D:1      | Noticed a centaur
    12 | D:1      | Noticed a gargoyle
    12 | D:1      | Noticed a draconian
    20 | D:1      | Noticed a human
    22 | D:1      | Noticed a halfling
    22 | D:1      | Noticed a spriggan
    25 | D:1      | Noticed an ogre
    27 | D:1      | Noticed a merfolk
    27 | D:1      | Noticed a felid
    29 | D:1      | Noticed a demigod
    29 | D:1      | Noticed a troll
    31 | D:1      | Noticed a tengu
    31 | D:1      | Noticed a minotaur
    33 | D:1      | Noticed a formicid
   546 | D:1      | Reached XP level 2. HP: 13/13 MP: 4/6
   550 | D:1      | Learned a level 2 spell: Ensorcelled Hibernation
  1438 | D:2      | Reached XP level 3. HP: 16/16 MP: 8/8
  1441 | D:2      | Reached skill level 5 in Stealth
  1446 | D:2      | Learned a level 3 spell: Confuse
  2078 | D:2      | Reached XP level 4. HP: 18/21 MP: 2/9
  2446 | D:2      | Reached skill level 6 in Stealth
  2520 | D:3      | Learned a level 3 spell: Tukima's Dance
  2657 | D:3      | Reached skill level 1 in Ice Magic
  2979 | D:3      | Found a glowing silver altar of Zin.
  3145 | D:4      | Noticed Natasha
  3152 | D:4      | Killed Natasha
  3152 | D:4      | Reached XP level 5. HP: 24/24 MP: 11/11
  3251 | D:4      | Noticed Natasha
  3258 | D:4      | Killed Natasha
  3310 | D:4      | Noticed Duvessa
  3311 | D:4      | Noticed Dowan
  3759 | D:4      | Noticed Natasha
  3765 | D:4      | Killed Natasha
  3770 | D:4      | Found a glowing golden altar of the Shining One.
  3929 | D:4      | Found Lishopigu's Assorted Antiques.
  3932 | D:4      | Reached skill level 7 in Stealth
  3935 | D:4      | Bought a glowing dagger for 36 gold pieces
  3948 | D:4      | Killed Dowan
  3948 | D:4      | Reached XP level 6. HP: 29/29 MP: 9/13
  3956 | D:4      | Killed Duvessa
  3956 | D:4      | Reached skill level 1 in Fighting
  3956 | D:4      | Reached skill level 5 in Hexes
  4137 | D:5      | Entered Level 5 of the Dungeon
  4448 | D:5      | Reached skill level 8 in Stealth
  4626 | D:5      | Reached XP level 7. HP: 33/33 MP: 13/15
  4664 | D:5      | Found a staircase to the Ecumenical Temple.
  4704 | Temple   | Entered the Ecumenical Temple
  4868 | Temple   | Became a worshipper of Dithmenos the Shadowed
  4901 | D:5      | Reached skill level 5 in Spellcasting
  5160 | D:5      | Noticed Blork the orc
  5173 | D:5      | Killed Blork the orc
  5521 | D:6      | Found a radiant altar of Vehumet.
  5578 | D:6      | Reached skill level 9 in Stealth
  5621 | D:6      | Found Uziaforr's Antique Armour Boutique.
  5641 | D:6      | Bought a runed cloak for 99 gold pieces
  5641 | D:6      | Bought a glowing robe for 15 gold pieces
  5684 | D:6      | Reached * piety under Dithmenos
  5850 | D:6      | Reached XP level 8. HP: 37/37 MP: 15/17
  5949 | D:6      | Found a sand-covered staircase.
  5953 | Ossuary  | Entered an ossuary
  6187 | Ossuary  | Gained mutation: You tend to lose your temper in combat. [mutagenic glow]
  6327 | Ossuary  | Reached ** piety under Dithmenos
  6500 | Ossuary  | Learned a level 3 spell: Dazzling Spray
  6675 | Ossuary  | Reached skill level 10 in Stealth
  6761 | D:6      | You fall through a shaft for 3 floors!
  6801 | D:9      | Found a hazy altar of Hepliaklqana.
  6854 | D:9      | Noticed Joseph
  6862 | D:9      | Killed Joseph
  7013 | D:9      | Reached XP level 9. HP: 42/42 MP: 18/20
  7031 | D:9      | Reached skill level 11 in Stealth
  7139 | D:9      | Learned a level 3 spell: Inner Flame
  7360 | D:9      | Engulfed by a cloud of flame

Vault maps used:
D:1:      kb_arrival_jail
D:3:      old_standard_altar
D:4:      nicolae_tso_swordbearing_angel, serial_shops, shop, first_bread,
          uniq_natasha, uniq_duvessa
D:5:      st_stairs_11, uniq_blork_the_orc
D:6:      vehumet_crystals, enter_ossuary_5, serial_shops,
          nicolae_shop_overgrown_old_shop
D:9:      kennysheep_mini, uniq_joseph
Temple:   eino_temple_scatter_basement
Ossuary:  ossuary_tomb_1

Skill      XL: |  1  2  3  4  5  6  7  8  9 |
---------------+----------------------------+-----
Spellcasting   | 3 4 5 7 |  7.1
Hexes          | 4 5 6 7 |  7.2
Stealth        | 5 6 7 8 9 10 11 | 11.2
Ice Magic      | 1 2 |  2.2
Short Blades   | 2 3 4 |  4.6
Fighting       | 1 |  1.6
Dodging        | 4 |  4.3
Evocations     | |  0.3

Action                   |  1- 3 |  4- 6 |  7- 9 || total
-------------------------+-------+-------+-------++-------
Melee: Dagger            |    95 |   109 |   207 ||   411
 Cast: Corona            |     5 |       |       ||     5
       Ensorcelled Hiber |    34 |    53 |    42 ||   129
       Confuse           |       |     5 |    39 ||    44
       Tukima's Dance    |       |     1 |     3 ||     4
       Dazzling Spray    |       |       |     5 ||     5
       Inner Flame       |       |       |     1 ||     1
 Abil: Evoke Invisibilit |       |       |     2 ||     2
       Turn Visible      |       |       |     1 ||     1
  Use: Scroll            |       |     4 |     6 ||    10
       Potion            |       |       |     1 ||     1
 Stab: Sleeping          |    25 |    41 |    39 ||   105
       Confused          |       |     2 |    18 ||    20
       Invisible         |       |       |     2 ||     2
  Eat: Bread ration      |     1 |       |     2 ||     3
Armor: Robe              |    18 |     8 |    11 ||    37
Dodge: Dodged            |   100 |    79 |   123 ||   302
